NWL (28 & UNDER)
BISMARCK BARONS @ RED DEER WRANGLERS
08/12/2030
 
TOP OF THE 1ST
Bismarck Barons batting - Pitching for Red Deer Wranglers : RHP Sloan Numbers
Pitching: RHP Sloan Numbers
Batting: RHB Jason Smith 0-0: Ball
1-0: Ball
2-0: Swinging Strike
2-1: Ball
3-1: Ground out 6-3 (Groundball, 56D)
Batting: LHB Paul Lee 0-0: Called Strike
0-1: Fly out, F8 (Flyball, 8LD)
Batting: RHB Pedro García 0-0: Ball
1-0: Called Strike
1-1: Ball
2-1: Swinging Strike
2-2: Strikes out swinging
Top of the 1st over - 0 runs, 0 hits, 0 errors, 0 left on base; Bismarck 0 - Red Deer 0
BOTTOM OF THE 1ST
Red Deer Wranglers batting - Pitching for Bismarck Barons : LHP Esteban García
Pitching: LHP Esteban García
Batting: LHB Rubén Salazar 0-0: Ball
1-0: Foul Ball, location: 2F
1-1: Foul Ball, location: 2F
1-2: Strikes out swinging
Batting: LHB Jorge Olvera 0-0: Fly out, F7 (Flyball, 7LS)
Batting: RHB Steve Burton 0-0: Called Strike
0-1: Swinging Strike
0-2: Ball
1-2: SINGLE (Groundball, 34D)
Batting: RHB Ben Fisher 0-0: Ball
1-0: Ball
2-0: Foul Ball, location: 2F
2-1: Ball
3-1: Foul Ball, location: 2F
3-2: Fly out, F8 (Flyball, 8LS)
Bottom of the 1st over - 0 runs, 1 hit, 0 errors, 1 left on base; Bismarck 0 - Red Deer 0
TOP OF THE 2ND
Bismarck Barons batting - Pitching for Red Deer Wranglers : RHP Sloan Numbers
Batting: LHB Ralph Jackson 0-0: Ball
1-0: Ball
2-0: Ball
3-0: Called Strike
3-1: Base on Balls
Batting: RHB Jonathan Jackson 0-0: Ball
1-0: Ball
2-0: Called Strike
2-1: Fly out, F8 (Flyball, 8RD)
Batting: RHB Terry Perkins 0-0: Ball
1-0: Called Strike
1-1: Swinging Strike
1-2: Foul Ball, location: 2F
1-2: Foul Ball, location: 2F
1-2: Ball
2-2: Foul Ball, location: 2F
2-2: Ball
3-2: Reached via error on a dropped throw, E1
Ralph Jackson to second
Batting: RHB Gary Roberts 0-0: Ball
1-0: Foul Ball, location: 2F
1-1: Called Strike
1-2: Strikes out looking
Batting: RHB Vincente Ramírez 0-0: Called Strike
0-1: Fly out, F7 (Line Drive, 7)
Top of the 2nd over - 0 runs, 0 hits, 1 error, 2 left on base; Bismarck 0 - Red Deer 0
BOTTOM OF THE 2ND
Red Deer Wranglers batting - Pitching for Bismarck Barons : LHP Esteban García
Batting: RHB Joe Wiggs 0-0: Ball
1-0: Ball
2-0: Swinging Strike
2-1: Ball
3-1: Base on Balls
Batting: RHB Rijk de Rade 0-0: Ball
1-0: Ball
2-0: Ball
3-0: Base on Balls
Joe Wiggs to second
Batting: RHB Allen Brown 0-0: Ball
1-0: Foul Ball, location: 2F
1-1: Swinging Strike
1-2: Strikes out looking
Batting: LHB Francisco Blanco 0-0: SINGLE (Groundball, 34S) (infield hit)
Joe Wiggs to third
Rijk de Rade to second
Batting: RHB Art Cameron 0-0: Fielders Choice at 2nd, 3-6 (Groundball, 34)
Joe Wiggs scores
Rijk de Rade to third
Batting: LHB Rubén Salazar 0-0: Ball
1-0: Swinging Strike
1-1: Swinging Strike
1-2: Ball
2-2: Foul Ball, location: 2F
2-2: SINGLE (Groundball, 34D)
Rijk de Rade scores
Art Cameron to second
Runner from 2nd tries for 3rd, SAFE, throw made to third
Batting: LHB Jorge Olvera 0-0: Ball
1-0: Swinging Strike
1-1: Ball
2-1: Foul Ball, location: 2F
2-2: Ball
3-2: Foul Ball, location: 2F
3-2: Foul Ball, location: 2F
3-2: Ground out 4-3 (Groundball, 4)
Bottom of the 2nd over - 2 runs, 2 hits, 0 errors, 2 left on base; Bismarck 0 - Red Deer 2
TOP OF THE 3RD
Bismarck Barons batting - Pitching for Red Deer Wranglers : RHP Sloan Numbers
Batting: RHB Matt Cole 0-0: Ball
1-0: Called Strike
1-1: Swinging Strike
1-2: Ground out U3 (Groundball, 3S)
Batting: RHB Jason Smith 0-0: SINGLE (Groundball, 4MD)
Batting: LHB Paul Lee 0-0: Ball
1-0: Ground out 4-3 (Groundball, 4MS)
Jason Smith to second
Batting: RHB Pedro García 0-0: Ball
1-0: 2-RUN HOME RUN (Flyball, 7LD), Distance : 324 ft
Batting: LHB Ralph Jackson 0-0: Ball
1-0: Ball
2-0: Ball
3-0: Base on Balls
Batting: RHB Jonathan Jackson 0-0: Called Strike
0-1: Ball
1-1: Foul Ball, location: 2F
1-2: Ball
2-2: Ball
3-2: SINGLE (Line Drive, 7S)
Ralph Jackson to second
Ralph Jackson to third
Batting: RHB Terry Perkins 0-0: Ball
1-0: Called Strike
1-1: Fly out, F9 (Flyball, 9S)
Top of the 3rd over - 2 runs, 3 hits, 0 errors, 2 left on base; Bismarck 2 - Red Deer 2
BOTTOM OF THE 3RD
Red Deer Wranglers batting - Pitching for Bismarck Barons : LHP Esteban García
Batting: RHB Steve Burton 0-0: Ball
1-0: Foul Ball, location: 2F
1-1: Foul Ball, location: 2F
1-2: Ball
2-2: Strikes out swinging
Batting: RHB Ben Fisher 0-0: Called Strike
0-1: Foul Ball, location: 2F
0-2: Foul Ball, location: 2F
0-2: Ball
1-2: Ball
2-2: Ball
3-2: Base on Balls
Batting: RHB Joe Wiggs 0-0: Grounds into double play, 5-4-3 (Groundball, 56)
Bottom of the 3rd over - 0 runs, 0 hits, 0 errors, 0 left on base; Bismarck 2 - Red Deer 2
TOP OF THE 4TH
Bismarck Barons batting - Pitching for Red Deer Wranglers : RHP Sloan Numbers
Batting: RHB Gary Roberts 0-0: Called Strike
0-1: Ball
1-1: Ball
2-1: Ground out 6-3 (Groundball, 6M)
Batting: RHB Vincente Ramírez 0-0: Reached on error, E1 (Groundball, 15S)
Batting: RHB Matt Cole 0-0: Ball
1-0: Swinging Strike
1-1: Called Strike
1-2: Ball
2-2: Ball
3-2: Foul Ball, location: 2F
3-2: Foul Ball, location: 2F
3-2: Foul Ball, location: 2F
3-2: Ground out 6-3 (Groundball, 6S)
Vincente Ramírez to third
Batting: RHB Jason Smith 0-0: Foul Ball, location: 2F
0-1: Ball
1-1: Ball
2-1: Called Strike
2-2: Ball
3-2: Base on Balls
Batting: LHB Paul Lee 0-0: Foul Ball, location: 2F
0-1: Called Strike
0-2: Strikes out swinging
Top of the 4th over - 0 runs, 0 hits, 1 error, 2 left on base; Bismarck 2 - Red Deer 2
BOTTOM OF THE 4TH
Red Deer Wranglers batting - Pitching for Bismarck Barons : LHP Esteban García
Batting: RHB Rijk de Rade 0-0: Ball
1-0: Called Strike
1-1: Ball
2-1: Foul Ball, location: 2F
2-2: Fly out, F7 (Flyball, 78M)
Batting: RHB Allen Brown 0-0: Ground out 5-3 (Groundball, 5D)
Batting: LHB Francisco Blanco 0-0: Called Strike
0-1: Foul Ball, location: 2F
0-2: Ground out 6-3 (Groundball, 6D)
Bottom of the 4th over - 0 runs, 0 hits, 0 errors, 0 left on base; Bismarck 2 - Red Deer 2
TOP OF THE 5TH
Bismarck Barons batting - Pitching for Red Deer Wranglers : LHP Tony Sandoval
Pitching: LHP Tony Sandoval
Batting: RHB Pedro García 0-0: Ground out 5-3 (Groundball, 5S)
Batting: LHB Ralph Jackson 0-0: Foul Ball, location: 2F
0-1: Fly out, F8 (Flyball, 8RXD)
Batting: RHB Jonathan Jackson 0-0: Called Strike
0-1: Called Strike
0-2: Ball
1-2: Strikes out looking
Top of the 5th over - 0 runs, 0 hits, 0 errors, 0 left on base; Bismarck 2 - Red Deer 2
BOTTOM OF THE 5TH
Red Deer Wranglers batting - Pitching for Bismarck Barons : LHP Esteban García
Batting: RHB Art Cameron 0-0: Foul Ball, location: 2F
0-1: Ball
1-1: Swinging Strike
1-2: Ball
2-2: Ball
3-2: Ground out U3 (Groundball, 34)
Batting: LHB Rubén Salazar 0-0: Called Strike
0-1: SINGLE (Groundball, 4MD)
Batting: LHB Jorge Olvera 0-0: 2-RUN HOME RUN (Line Drive, 9LD), Distance : 343 ft
Batting: RHB Steve Burton 0-0: Foul Ball, location: 2F
0-1: Called Strike
0-2: Ball
1-2: Strikes out swinging
Batting: RHB Ben Fisher 0-0: Called Strike
0-1: Ball
1-1: Ball
2-1: Fly out, F5 (Popup, 5S)
Bottom of the 5th over - 2 runs, 2 hits, 0 errors, 0 left on base; Bismarck 2 - Red Deer 4
TOP OF THE 6TH
Bismarck Barons batting - Pitching for Red Deer Wranglers : LHP Tony Sandoval
Batting: RHB Terry Perkins 0-0: Fly out, F4 (Popup, 34D)
Batting: RHB Gary Roberts 0-0: Swinging Strike
0-1: Foul Ball, location: 2F
0-2: Ball
1-2: Strikes out swinging
Batting: RHB Vincente Ramírez 0-0: Called Strike
0-1: Foul Ball, location: 2F
0-2: Ground out 4-3 (Groundball, 4M)
Top of the 6th over - 0 runs, 0 hits, 0 errors, 0 left on base; Bismarck 2 - Red Deer 4
BOTTOM OF THE 6TH
Red Deer Wranglers batting - Pitching for Bismarck Barons : LHP Esteban García
Batting: RHB Joe Wiggs 0-0: Called Strike
0-1: Ball
1-1: Foul Ball, location: 2F
1-2: Foul Ball, location: 2F
1-2: Ball
2-2: Strikes out swinging
Batting: RHB Rijk de Rade 0-0: Ball
1-0: Ball
2-0: Called Strike
2-1: Called Strike
2-2: Foul Ball, location: 2F
2-2: Ball
3-2: Base on Balls
Batting: RHB Allen Brown 0-0: Ball
1-0: Foul Ball, location: 2F
1-1: Ball
2-1: Called Strike
2-2: Fly out, F4 (Line Drive, 4M)
Batting: LHB Francisco Blanco 0-0: Called Strike
0-1: Hit by Pitch
Rijk de Rade to second
Pitching: LHP Tom Hale
Batting: RHB Art Cameron 0-0: Called Strike
0-1: Ball
1-1: Foul Ball, location: 2F
1-2: Fly out, F8 (Line Drive, 8RD)
Bottom of the 6th over - 0 runs, 0 hits, 0 errors, 2 left on base; Bismarck 2 - Red Deer 4
TOP OF THE 7TH
Bismarck Barons batting - Pitching for Red Deer Wranglers : LHP Tony Sandoval
Batting: RHB Matt Cole 0-0: Ball
1-0: Ground out 6-3 (Groundball, 6)
Batting: RHB Jason Smith 0-0: Called Strike
0-1: Ball
1-1: Ball
2-1: Foul Ball, location: 2F
2-2: Strikes out looking
Batting: LHB Paul Lee 0-0: Ball
1-0: Foul Ball, location: 2F
1-1: Fly out, F9 (Flyball, 89D)
Top of the 7th over - 0 runs, 0 hits, 0 errors, 0 left on base; Bismarck 2 - Red Deer 4
BOTTOM OF THE 7TH
Red Deer Wranglers batting - Pitching for Bismarck Barons : LHP Tom Hale
Batting: LHB Rubén Salazar 0-0: Called Strike
0-1: Ball
1-1: Fly out, F7 (Line Drive, 78D)
Batting: LHB Jorge Olvera 0-0: Called Strike
0-1: Ball
1-1: Called Strike
1-2: Ball
2-2: SINGLE (Flyball, 7S)
Batting: RHB Steve Burton 0-0: Foul Ball, location: 2F
0-1: Ball
1-1: Swinging Strike
1-2: Strikes out swinging
Batting: RHB Ben Fisher 0-0: Called Strike
0-1: Called Strike
0-2: Ball
1-2: Ball
2-2: Ball
3-2: SINGLE (Line Drive, 34D)
Jorge Olvera to second
Jorge Olvera to third
Batting: RHB Joe Wiggs 0-0: Ball
1-0: Foul Ball, location: 2F
1-1: Ball
2-1: Ball
3-1: Called Strike
3-2: Base on Balls
Ben Fisher to second
Batting: RHB Rijk de Rade 0-0: Ball
1-0: Ball
2-0: Foul Ball, location: 2F
2-1: Ball
3-1: Base on Balls
Jorge Olvera scores
Ben Fisher to third
Joe Wiggs to second
Batting: RHB Allen Brown 0-0: Called Strike
0-1: Ball
1-1: Ball
2-1: Fly out, F8 (Flyball, 8RS)
Bottom of the 7th over - 1 run, 2 hits, 0 errors, 3 left on base; Bismarck 2 - Red Deer 5
TOP OF THE 8TH
Bismarck Barons batting - Pitching for Red Deer Wranglers : LHP Tony Sandoval
Batting: RHB Pedro García 0-0: Called Strike
0-1: Ball
1-1: Fly out, F9 (Flyball, 9)
Batting: LHB Ralph Jackson 0-0: Called Strike
0-1: Ball
1-1: Foul Ball, location: 2F
1-2: Ball
2-2: Foul Ball, location: 2F
2-2: SINGLE (Groundball, 34D)
Batting: RHB Jonathan Jackson 0-0: Foul Ball, location: 2F
0-1: Called Strike
0-2: Ball
1-2: Ball
2-2: Ball
3-2: Base on Balls
Ralph Jackson to second
Batting: RHB Terry Perkins 0-0: Foul Ball, location: 2F
0-1: Ball
1-1: Ball
2-1: Ball
3-1: Swinging Strike
3-2: Base on Balls
Ralph Jackson to third
Jonathan Jackson to second
Pitching: RHP Raúl Zumaya
Batting: RHB Gary Roberts 0-0: Ball
1-0: Fly out, F7 (Flyball, 78D)
Runner from 3rd tags up, OUT at HOME
Top of the 8th over - 0 runs, 1 hit, 0 errors, 2 left on base; Bismarck 2 - Red Deer 5
BOTTOM OF THE 8TH
Red Deer Wranglers batting - Pitching for Bismarck Barons : LHP Tom Hale
Batting: LHB Francisco Blanco 0-0: Foul Ball, location: 2F
0-1: Swinging Strike
0-2: Strikes out swinging
Batting: RHB Art Cameron 0-0: Called Strike
0-1: Foul Ball, location: 2F
0-2: Fly out, F8 (Flyball, 8RD)
Batting: LHB Rubén Salazar 0-0: Called Strike
0-1: Fly out, F9 (Flyball, 9D)
Bottom of the 8th over - 0 runs, 0 hits, 0 errors, 0 left on base; Bismarck 2 - Red Deer 5
TOP OF THE 9TH
Bismarck Barons batting - Pitching for Red Deer Wranglers : RHP Raúl Zumaya
Pitching: RHP Pat Hardy
Batting: RHB Vincente Ramírez 0-0: Called Strike
0-1: Ball
1-1: Foul Ball, location: 2F
1-2: SINGLE (Line Drive, 56D)
Batting: RHB Matt Cole 0-0: Ball
1-0: Swinging Strike
1-1: Foul Ball, location: 2F
1-2: Strikes out swinging
Batting: RHB Jason Smith 0-0: Ball
1-0: Called Strike
1-1: Ball
2-1: Ball
3-1: Foul Ball, location: 2F
3-2: Fly out, F7 (Flyball, 78M)
Batting: LHB Paul Lee 0-0: Ball
1-0: Called Strike
1-1: Fly out, F8 (Flyball, 8LD)
Top of the 9th over - 0 runs, 1 hit, 0 errors, 1 left on base; Bismarck 2 - Red Deer 5
Saturday, April 7th, 2018 - OOTP Baseball 18.8 Build 76